Map: King Sejong Station LE

Players

IrieDino

  • Race: Zerg Zerg
  • League: Platinum

blackxored - Winner!

  • Race: Zerg Zerg
  • League: Platinum

VOD

Have the link to the VOD?

Description

Time

  • Played on: June 25, 2016, 7:29 p.m.
  • Length: 20:19
Show
View Real Time Build Order
Export as new Build Order

IrieDino Zerg 

Build Orders: Pool First 

Get SALT Encoding   

  12  0:01  Drone  
  13  0:12  Overlord  
  13  0:17  Drone  
  14  0:30  Drone x2  
  14  0:34  Drone  
  17  0:48  Drone, Spawning Pool  
  17  1:10  Hatchery  
  16  1:14  Drone  
  16  1:16  Drone  
  16  1:18  Extractor  
  17  1:21  Drone  
  18  1:28  Drone  
  19  1:35  Queen  
  21  1:42  Overlord  
  21  1:52  Drone  
  22  2:09  Zergling x2, Spine Crawler  
  22  2:15  Queen  
  24  2:17  Overlord  
  24  2:24  Drone x2  
  26  2:32  Drone  
  28  2:37  Zergling x2  
  28  2:40  Metabolic Boost  
  28  2:43  Drone  
  29  2:46  Baneling Nest  
  28  2:52  Queen  
  30  3:05  Drone x3  
  32  3:06  Zergling x2  
  32  3:08  Zergling x2  
  32  3:11  Zergling x2  
  36  3:24  Zergling x4  
  38  3:36  Hatchery  
  37  3:45  Zergling x8  
  37  3:46  Zergling x2  
  41  4:11  Zergling x2  
  41  4:12  Zergling x4  
  41  4:13  Baneling x4  
  44  4:17  Overlord x3  
  42  4:44  Zergling x2  
  42  4:45  Zergling x10  
  47  4:49  Zergling x8  
  47  4:50  Baneling x2  
  47  4:52  Zergling x2  
  52  4:53  Zergling x4  
  54  5:01  Baneling x3  
  54  5:02  Baneling  
  54  5:07  Zergling x2  
  54  5:08  Zergling x2  
  33  5:29  Zergling x2  
  33  5:30  Zergling x6  
  27  5:50  Baneling x4  
  27  5:51  Baneling x5  
  27  5:52  Drone x2  
  29  5:57  Zergling x2  
  29  6:16  Zergling x2  
  26  6:19  Drone  
  26  6:23  Drone x3  
  30  6:31  Queen  
  30  6:32  Lair  
  32  6:41  Drone x3  
  35  6:53  Spine Crawler  
  34  6:54  Spine Crawler  
  34  6:56  Spine Crawler  
  32  7:02  Spine Crawler  
  31  7:30  Drone x4  
  31  7:31  Drone x2  
  37  7:42  Spore Crawler  
  37  7:43  Spore Crawler  
  35  7:56  Hatchery  
  34  8:00  Baneling  
  34  8:07  Spine Crawler  
  34  8:08  Spine Crawler x2  
  30  8:14  Drone x4  
  34  8:36  Spore Crawler  
  34  8:37  Spore Crawler x2  
  31  8:49  Drone  
  31  8:50  Drone x2  
  31  8:54  Spore Crawler  
  33  8:56  Spore Crawler  
  33  9:01  Spore Crawler  
  31  9:04  Spore Crawler  
  30  9:27  Drone  
  31  9:33  Drone  
  32  10:04  Zergling x2  
  32  10:05  Zergling x4  
  35  10:20  Drone x7  
  35  10:21  Drone x3  
  45  10:26  Hatchery  
  44  10:39  Drone x3  
  47  10:44  Hatchery  
  47  10:46  Spore Crawler  
  47  10:47  Spore Crawler  
  47  10:49  Spore Crawler  
  43  10:57  Spore Crawler x2  
  41  11:34  Spine Crawler  
  41  11:36  Spine Crawler  
  41  11:37  Spine Crawler  
  41  11:39  Spine Crawler  
  37  11:50  Hatchery  
  36  12:00  Hatchery  
  35  12:15  Spore Crawler  
  34  12:17  Spore Crawler  
  33  12:22  Spine Crawler  
  33  12:27  Drone, Spine Crawler  
  32  12:32  Drone  
  32  12:36  Drone  
  34  12:54  Spine Crawler  
  34  12:57  Spine Crawler  
  32  13:05  Spine Crawler  
  31  13:09  Drone  
  31  13:11  Drone  
  33  13:15  Drone  
  34  13:25  Spine Crawler  
  33  13:33  Drone  
  34  13:35  Drone  
  35  14:10  Drone x3  
  35  14:13  Drone x3  
  41  14:36  Spore Crawler x2  
  41  14:37  Spine Crawler  
  36  14:46  Zergling x2  
  36  14:47  Zergling x12  
  40  15:00  Zergling x4  
  40  15:09  Zergling x2  
  40  15:10  Zergling x2  
  20  15:32  Zergling x8  
  19  15:43  Spine Crawler x3  
  19  15:44  Zergling x2  
Show
View Real Time Build Order
Export as new Build Order

blackxored Zerg - Winner!

Build Orders: Hatch First, Zergling Baneling 

Get SALT Encoding   

  12  0:01  Drone  
  13  0:09  Drone  
  14  0:17  Overlord  
  14  0:22  Extractor  
  14  0:23  Drone  
  15  0:36  Drone x2  
  17  0:54  Hatchery  
  17  0:55  Drone  
  17  0:59  Drone  
  18  1:10  Extractor  
  17  1:14  Spawning Pool  
  17  1:16  Drone  
  17  1:19  Drone  
  18  1:28  Drone  
  19  1:38  Overlord  
  19  1:49  Drone  
  20  2:01  Queen  
  20  2:05  Zergling x2  
  20  2:07  Zergling x2  
  24  2:13  Metabolic Boost  
  24  2:20  Zergling x4  
  26  2:25  Queen  
  28  2:35  Zergling x2  
  28  2:36  Hatchery  
  28  2:37  Zergling x2  
  28  2:41  Zergling x2  
  30  2:51  Baneling Nest, Drone  
  30  3:02  Drone  
  30  3:05  Drone x3  
  34  3:08  Drone  
  35  3:18  Overlord  
  35  3:21  Overlord  
  35  3:40  Zergling x8  
  39  3:45  Zergling x6  
  39  3:46  Zergling x4  
  39  3:48  Zergling x2  
  45  3:50  Zergling x2  
  45  3:54  Overlord  
  43  4:14  Zergling x16  
  51  4:26  Zergling x8  
  51  4:27  Zergling x2  
  52  4:43  Baneling  
  52  4:44  Baneling x2  
  52  4:45  Zergling x10  
  57  4:53  Baneling x6  
  46  5:31  Baneling  
  46  5:32  Baneling  
  46  5:33  Zergling x10  
  46  5:34  Zergling x2  
  45  5:48  Zergling x2  
  45  5:49  Zergling x4, Queen  
  38  6:20  Drone x6  
  38  6:22  Baneling  
  38  6:23  Baneling x6  
  44  6:45  Drone x4  
  48  6:56  Drone x2  
  48  6:59  Lair  
  50  7:02  Extractor, Drone x2  
  50  7:03  Roach Warren  
  50  7:04  Drone  
  50  7:05  Overlord x3  
  51  7:09  Baneling  
  51  7:10  Baneling x3  
  51  7:22  Extractor x2, Drone  
  51  7:23  Drone x2  
  51  7:24  Overlord  
  51  7:26  Drone x3  
  55  7:35  Drone  
  56  7:41  Drone  
  57  7:45  Baneling  
  57  7:48  Hatchery  
  56  7:51  Overlord  
  56  7:53  Overlord  
  56  7:55  Overlord  
  56  7:56  Overlord  
  56  7:57  Overlord  
  56  8:00  Glial Reconstitution  
  56  8:01  Roach x3  
  56  8:02  Roach  
  64  8:06  Roach  
  66  8:16  Infestation Pit  
  66  8:19  Drone x2  
  67  8:26  Ravager  
  67  8:27  Ravager x3  
  71  8:35  Drone x8  
  71  8:36  Hatchery  
  71  8:39  Overseer  
  78  8:48  Drone  
  78  8:49  Drone x4  
  78  8:52  Hive  
  83  8:55  Drone  
  83  8:56  Drone  
  83  8:57  Drone  
  86  9:08  Drone x3  
  89  9:19  Drone x5  
  89  9:20  Drone  
  89  9:22  Drone x2  
  89  9:23  Extractor, Drone  
  89  9:24  Extractor  
  96  9:35  Drone x4  
  100  9:46  Hydralisk Den  
  100  9:47  Evolution Chamber  
  100  9:48  Spire  
  100  9:49  Evolution Chamber  
  96  9:52  Overlord  
  96  9:55  Overlord  
  96  10:00  Queen  
  96  10:04  Queen  
  100  10:09  Overlord  
  100  10:13  Extractor  
  99  10:16  Extractor  
  98  10:22  Overseer  
  98  10:33  Ultralisk Cavern  
  98  10:34  Drone x4  
  98  10:35  Drone x11  
  112  10:36  Drone  
  112  10:37  Drone x2  
  115  11:06  Greater Spire  
  115  11:14  Overlord x3  
  115  11:16  Overlord x2  
  115  11:17  Overlord x2  
  115  11:25  Hatchery  
  114  11:34  Overlord  
  114  12:03  Zerg Missile Weapons Level 1, Zerg Ground Armor Level 1  
  114  12:05  Muscular Augments  
  112  12:22  Corruptor x13  
  114  12:23  Corruptor x12  
  162  12:49  Chitinous Plating  
  162  12:56  Brood Lord x4  
  170  13:04  Brood Lord  
  172  13:25  Brood Lord x2  
  172  13:26  Brood Lord  
  178  13:27  Extractor  
  178  13:29  Hatchery  
  178  13:31  Brood Lord  
  178  13:32  Extractor  
  177  13:49  Brood Lord x2  
  177  13:52  Brood Lord  
  183  14:01  Drone x3  
  186  14:08  Zerg Flyer Armor Level 1  
  178  15:04  Zerg Ground Armor Level 2  
  178  15:05  Zerg Melee Weapons Level 1  
  166  15:47  Ultralisk x5  
  179  17:37  Drone x2  
  181  18:02  Zerg Flyer Armor Level 2  
  181  18:13  Drone  
  182  18:59  Pneumatized Carapace  
  182  19:13  Hatchery  
  182  19:15  Hatchery  
  180  19:21  Hatchery  
  179  19:25  Hatchery  
  179  19:27  Hatchery  
  177  19:35  Hatchery  
Tags
 
Add a new tag
Caveats
  • Supply blocks, unpowered buildings, or Contaminate may cause inaccurate times.
  • Supply counts are checked every 10 seconds.